 Dungeon Crawl Stone Soup version 0.28-a0-268-g3f656e82c2 (webtiles) character file.

Game seed: 15306695729763002881

13923 voltaire321 the Covert (level 12, -3/73 HPs)
             Began as a Kobold Conjurer on Aug 29, 2021.
             Was an Elder of Nemelex Xobeh.
             Slain by a six-headed hydra (13 damage)
             ... on level 1 of the Lair of Beasts.
             The game lasted 00:43:56 (14470 turns).

voltaire321 the Covert (Kobold Conjurer)           Turns: 14470, Time: 00:43:56

Health: -3/73      AC: 16    Str:  6    XL:     12   Next: 38%
Magic:  25/32      EV: 16    Int: 30    God:    Nemelex Xobeh [****..]
Gold:   525        SH:  6    Dex: 14    Spells: 16/26 levels left

rFire   . . .      SeeInvis +   a - +9 quick blade (vamp)
rCold   . . .      Faith    .   r - +1 buckler {rPois}
rNeg    . . .      Spirit   .   E - +0 acid dragon scales
rPois   +          Reflect  .   n - +3 crown of Dyrovepreva {rElec Int+2 SInv}
rElec   +          Harm     .   w - +0 cloak
rCorr   +          Rampage  .   c - +1 pair of gloves
Will    .....                   y - +1 pair of boots
Stlth   +++++.....              (no amulet)
HPRegen 0.22/turn               f - +6 ring of intelligence
MPRegen 0.23/turn               g - ring of magical power

@: no status effects
A: small, no large weapons, nightstalker 3
a: Renounce Religion, Draw Escape, Draw Destruction, Draw Summoning, Triple
Draw, Deal Four


You were on level 1 of the Lair of Beasts.
You worshipped Nemelex Xobeh.
Nemelex Xobeh was greatly pleased with you.
You visited 3 branches of the dungeon, and saw 12 of its levels.
You also visited: Bailey.

You collected 525 gold pieces.

Inventory:

Hand Weapons
 a - a +9 vampiric quick blade (weapon)
Missiles
 e - 54 poisoned darts
 o - 3 throwing nets
Armour
 c - a +1 pair of gloves (worn)
 n - the +3 crown of Dyrovepreva (worn) {rElec Int+2 SInv}
   (You acquired it on level 9 of the Dungeon)

   Int:       It affects your intelligence (+2).
   rElec:     It insulates you from electricity.
   SInv:      It lets you see invisible.
 r - a +1 buckler of poison resistance (worn)
 w - a +0 cloak (worn)
 y - a +1 pair of boots (worn)
 E - +0 acid dragon scales (worn)
Magical Staves
 l - a staff of poison
Jewellery
 f - a +6 ring of intelligence (left hand)
 g - a ring of magical power (right hand)
 m - a ring of ice
 v - a +4 ring of evasion
 B - a ring of magical power
Wands
 b - a wand of flame (15)
 u - a wand of acid (12)
 D - a wand of iceblast (13)
 I - a wand of mindburst (16)
Scrolls
 k - a scroll of amnesia
 q - 2 scrolls of noise {unknown}
 t - a scroll of magic mapping
 x - a scroll of fog
 J - a scroll of fear {unknown}
 K - a scroll of identify
 L - a scroll of enchant armour
Potions
 d - 3 potions of lignification
 h - a potion of resistance {unknown}
 i - a potion of berserk rage {unknown}
 j - 3 potions of degeneration {unknown}
 p - a potion of cancellation
 s - 4 potions of brilliance {unknown}
 z - 3 potions of might {unknown}
 A - a potion of magic
 C - 2 potions of attraction {unknown}
 F - a potion of invisibility
 G - a potion of mutation
 H - 2 potions of curing {unknown}


   Skills:
 + Level 7.8 Fighting
 + Level 4.8 Short Blades
 - Level 5.0 Armour
 + Level 8.9 Dodging
 + Level 10.5 Stealth
 + Level 3.1 Shields
 + Level 7.5 Spellcasting
 + Level 8.3 Conjurations
 + Level 2.3 Translocations
 + Level 6.9 Invocations


You had 16 spell levels left.
You knew the following spells:

 Your Spells              Type           Power      Damage    Failure   Level
a - Magic Dart            Conj           100%       1d8       1%          1
b - Searing Ray           Conj           100%       3d7       1%          2
c - Dazzling Flash        Conj/Hex       72%        N/A       6%          3
d - Passage of Golubria   Tloc           N/A        N/A       38%         4

Your spell library contained the following spells:

 Spells                   Type           Power      Damage    Failure   Level
 Apportation              Tloc           50%        N/A       4%          1
 Animate Skeleton         Necr           22%        N/A       11%         1
 Beastly Appendage        Tmut           22%        N/A       11%         1
 Corona                   Hex            12%        N/A       11%         1
 Summon Small Mammal      Summ           44%        N/A       11%         1
 Iskenderun's Mystic Bla  Conj/Tloc      43%        2d10      12%         4
 Wereblood                Tmut           11%        N/A       16%         2
 Fulminant Prism          Conj/Hex       18%        3d11      19%         4
 Spider Form              Tmut/Pois      5%         N/A       32%         3
 Tukima's Dance           Hex            11%        N/A       32%         3
 Agony                    Necr           11%        N/A       96%         5
 Silence                  Hex/Air        5%         N/A       96%         5
 Yara's Violent Unravell  Hex/Tmut       5%         3d4       96%         5


Dungeon Overview and Level Annotations

Branches:
Dungeon (10/15)            Temple (1/1) D:5            Lair (1/6) D:8
 Bailey (visited)
    Orc: D:9-12

Altars:
Ashenzari
Cheibriados
Dithmenos
Elyvilon
Fedhas
Gozag
Hepliaklqana
Kikubaaqudgha
Makhleb
Nemelex Xobeh
Okawaru
Qazlal
Ru
Sif Muna
Trog
Uskayaw
Vehumet
Wu Jian
Xom
Yredelemnul
Zin
The Shining One

Shops:
D:3 [   D:6 :[   D:9 ?

Portals:
Trove: D:10 (give +3 gold dragon scales)


Innate Abilities, Weirdness & Mutations

You are small and have problems with some larger weapons.
You are completely attuned to the shadows.


Message History

The six-headed hydra closely misses you.
The six-headed hydra bites you but does no damage.
The six-headed hydra misses you.
The searing ray hits the six-headed hydra!
The six-headed hydra is heavily wounded.
The six-headed hydra bites you but does no damage.
The six-headed hydra closely misses you.
The six-headed hydra bites you but does no damage.
The six-headed hydra completely misses you.
The six-headed hydra barely misses you.
The six-headed hydra bites you but does no damage.
The searing ray hits the six-headed hydra!
The six-headed hydra is severely wounded.
You finish channeling your searing ray.
You block the six-headed hydra's attack.
The six-headed hydra bites you! The six-headed hydra misses you.
The six-headed hydra bites you but does no damage. x2
The six-headed hydra bites you!
* * * LOW HITPOINT WARNING * * *
Casting: Searing Ray (safe; 1% risk of failure)
Confirm with . or Enter, or press ? or * to list all spells.
Aiming: Searing Ray (safe; 1% risk of failure)
Press: ? - help, Shift-Dir - straight line, f/p - six-headed hydra
Aim: a six-headed hydra (severely wounded, 94% to hit)
The searing ray hits the six-headed hydra!
The six-headed hydra is severely wounded. (Press . to maintain the ray.)
The six-headed hydra barely misses you. x2
You block the six-headed hydra's attack.
The six-headed hydra bites you.
* * * LOW HITPOINT WARNING * * *
The six-headed hydra bites you.
* * * LOW HITPOINT WARNING * * *
The six-headed hydra closely misses you.
The searing ray hits the six-headed hydra!
The six-headed hydra is almost dead.
You block the six-headed hydra's attack.
The six-headed hydra bites you!
You die...
Your body glows slightly and disappears.

#...#.# #†.#### ###..##
#.## ##.#### #.### #....#
##...# #####†.## ###[..##
##
##.....######.###.######.
.......#..#..###....##...
......#..#.÷.#.....#.....
.....#.D@.....#.>..#.....
############.#..##.#####.
######### ##


You could see a six-headed hydra.

Vanquished Creatures
  Harold (D:7)
  An orc high priest (Bailey)
  The ghost of Maimakterion the Cleaver, a novice DsFi of Gozag (D:8)
  An orc knight (Bailey)
  A black mamba (Lair:1)
  4 cane toads (Lair:1)
  2 unseen horrors (D:10)
  A kobold demonologist (Bailey)
  A komodo dragon (D:8)
  A troll (D:10)
  4 blink frogs (Lair:1)
  A wraith (D:10)
  3 wyverns
  12 yaks
  4 steam dragons
  4 vampire mosquitoes (D:10)
  An acid dragon (D:8)
  A water moccasin (D:6)
  12 orc warriors
  An ice beast (D:8)
  4 black bears
  3 sky beasts
  A necrophage (D:6)
  2 ogres
  3 centaurs
  3 wolves (Lair:1)
  2 phantoms (D:5)
  A kobold brigand (D:8)
  3 bullfrogs
  6 scorpions
  2 water moccasin skeletons
  A wyvern skeleton (D:7)
  3 wights (D:9)
  2 centaur zombies
  A bullfrog zombie (D:6)
  2 hounds (D:5)
  A jelly (D:5)
  3 orc priests
  A centaur skeleton (D:2)
  A bullfrog skeleton (D:5)
  A gnoll shaman (D:4)
  3 iguanas
  6 orc wizards
  2 killer bee zombies
  Robin (D:3)
  18 gnolls
  A howler monkey skeleton (D:5)
  3 howler monkey zombies
  6 adders
  A white imp (D:5)
  An ufetubus (D:5)
  A worm (D:2)
  4 dart slugs
  29 orcs
  An endoplasm (D:4)
  4 giant cockroaches
  18 hobgoblins
  11 jackals
  3 quokkas
  6 ball pythons
  10 bats
  4 frilled lizards
  17 goblins
  14 kobolds
  4 rats
271 creatures vanquished.

Vanquished Creatures (others)
  A goblin (D:9)
  2 kobolds (D:8)
  3 fungi
  3 plants
9 creatures vanquished.

Grand Total: 280 creatures vanquished

Notes
Turn   | Place    | Note
-------+----------+-------------------------------------------
     0 | D:1      | voltaire321 the Kobold Conjurer began the quest for the
                  | Orb.
     0 | D:1      | Reached XP level 1. HP: 10/10 MP: 3/3
   119 | D:1      | Reached XP level 2. HP: 16/16 MP: 0/5
   179 | D:1      | Learned a level 2 spell: Searing Ray
   198 | D:1      | Found a faded altar of an unknown god.
   229 | D:1      | Reached skill level 3 in Stealth
   563 | D:1      | Reached XP level 3. HP: 20/20 MP: 6/6
   709 | D:1      | Reached skill level 1 in Fighting
  1032 | D:2      | Learned a level 3 spell: Dazzling Flash
  1751 | D:2      | Reached XP level 4. HP: 11/25 MP: 7/8
  2088 | D:2      | Reached XP level 5. HP: 27/30 MP: 9/9
  2426 | D:3      | Found a burning altar of Makhleb.
  2476 | D:3      | Noticed Robin
  2484 | D:3      | Killed Robin
  2485 | D:3      | Reached skill level 4 in Stealth
  2703 | D:3      | Reached XP level 6. HP: 35/35 MP: 10/10
  3198 | D:3      | Found Ufadeburph's Antique Armour Boutique.
  3292 | D:4      | Found a broken altar of Ashenzari.
  3306 | D:4      | Found a snail-covered altar of Cheibriados.
  3711 | D:4      | Found a shimmering blue altar of Sif Muna.
  4022 | D:4      | Reached skill level 5 in Stealth
  4022 | D:4      | Reached XP level 7. HP: 27/40 MP: 12/12
  4207 | D:5      | Entered Level 5 of the Dungeon
  4446 | D:5      | Found a white marble altar of Elyvilon.
  4479 | D:5      | Reached skill level 5 in Conjurations
  4553 | D:5      | Found a hide-covered altar of Uskayaw.
  4601 | D:5      | Found a staircase to the Ecumenical Temple.
  4607 | Temple   | Entered the Ecumenical Temple
  4977 | Temple   | Became a worshipper of Nemelex Xobeh the Trickster
  5277 | D:5      | Reached skill level 1 in Armour
  5277 | D:5      | Reached skill level 1 in Invocations
  5280 | D:5      | Reached XP level 8. HP: 42/46 MP: 10/14
  5421 | D:5      | Reached skill level 5 in Dodging
  5421 | D:5      | Reached skill level 6 in Stealth
  5907 | D:5      | Found a sacrificial altar of Ru.
  6584 | D:6      | Reached XP level 9. HP: 52/52 MP: 16/16
  6729 | D:6      | Reached * piety under Nemelex Xobeh
  6799 | D:6      | Found Xiorick's Antique Armour Shop.
  6806 | D:6      | Found Qesur's Book Shoppe.
  7025 | D:6      | Found a radiant altar of Vehumet.
  7145 | D:6      | Reached skill level 7 in Stealth
  7145 | D:6      | Reached skill level 5 in Spellcasting
  7715 | D:6      | Reached skill level 5 in Fighting
  7957 | D:7      | Received a gift from Nemelex Xobeh
  8418 | D:7      | Noticed Harold
  8438 | D:7      | Killed Harold
  8439 | D:7      | Reached skill level 8 in Stealth
  8439 | D:7      | Reached XP level 10. HP: 23/60 MP: 11/18
  9143 | D:8      | Noticed a komodo dragon
  9153 | D:8      | Killed a komodo dragon
  9224 | D:8      | Found a staircase to the Lair.
  9232 | D:8      | Reached skill level 5 in Invocations
  9406 | D:8      | Reached ** piety under Nemelex Xobeh
  9419 | D:8      | Received a gift from Nemelex Xobeh
  9824 | D:8      | Noticed Maimakterion's ghost (novice DsFi)
 10243 | D:8      | Found a blossoming altar of Fedhas.
 10307 | D:8      | Found a runed translucent door.
 10322 | D:8      | Killed Maimakterion's ghost
 10323 | D:8      | Reached skill level 9 in Stealth
 10440 | D:8      | Identified 2 scrolls of acquirement
 10440 | D:8      | Acquired a +1 buckler of poison resistance
 10456 | D:8      | Acquired a +5 quick blade
 10774 | D:9      | Found Puli's Magic Scroll Shoppe.
 10882 | D:9      | Found a glowing golden altar of the Shining One.
 10959 | D:9      | Found a flagged portal.
 10988 | D:9      | Reached skill level 1 in Short Blades
 10988 | D:9      | Reached XP level 11. HP: 61/66 MP: 20/20
 10990 | Bailey   | Entered a bailey
 11163 | Bailey   | Noticed an orc high priest
 11194 | Bailey   | Killed an orc high priest
 11195 | Bailey   | Reached skill level 1 in Shields
 11275 | Bailey   | Found an iron altar of Okawaru.
 11457 | Bailey   | Noticed an orc knight
 11471 | Bailey   | Killed an orc knight
 11718 | Bailey   | Identified the +1 trident of Egomania {freeze, rPois rC+
                  | Will- Str+2}
 11877 | D:9      | Reached *** piety under Nemelex Xobeh
 12044 | D:9      | Acquired the +3 crown of Dyrovepreva {rElec Int+2 SInv}
 12044 | D:9      | Found the +3 crown of Dyrovepreva {rElec Int+2 SInv}
 12418 | D:10     | Entered Level 10 of the Dungeon
 12751 | D:10     | Learned a level 4 spell: Passage of Golubria
 13120 | D:10     | Received a gift from Nemelex Xobeh
 13198 | D:10     | Reached skill level 10 in Stealth
 13335 | D:10     | Found a portal to a secret trove of treasure.
 13398 | D:10     | Reached skill level 5 in Armour
 13398 | D:10     | Reached skill level 1 in Translocations
 13606 | D:10     | Found a bloodstained altar of Trog.
 13879 | Lair:1   | Entered Level 1 of the Lair of Beasts
 13923 | Lair:1   | Reached XP level 12. HP: 72/72 MP: 22/22
 14323 | Lair:1   | Reached **** piety under Nemelex Xobeh
 14457 | Lair:1   | Noticed a six-headed hydra
 14470 | Lair:1   | Slain by a six-headed hydra

Illustrated notes

Levels and vault maps discovered:
D:1:      amcnicky_arrival_double_pillar, layout_rooms,
          shapermc_ecumenical_altar_petra
D:2:      layout_basic, dk_noncrumbling_4
D:3:      layout_rooms, mainiacjoe_overflow_24_doors, serial_shops, shop,
          uniq_robin
D:4:      layout_rooms, ashenzari_conservatory_becter,
          mainiacjoe_overflow_tiny_flanked, nicolae_overflow_crystal_walls
D:5:      minmay_recursive_quarters, layout_basic, nicolae_ru_awakened_eye,
          nicolae_uskayaw_murder_on_the_dancefloor,
          lemuel_coloured_pillars_altar, minmay_temple_entry_large_hall
D:6:      layout_basic, nicolae_vehumet_altar_sigil, serial_shops,
          nicolae_diamond_shop, shop
D:7:      layout_gridville, uniq_harold
D:8:      layout_cave_pods, fedhas_altar_2, grunt_lair_entry_orc_guard_hut,
          hellmonk_ghost_happy_afterlife, serial_rivers,
          chequers_serial_rivers_micro_b, chequers_serial_rivers_small_b,
          chequers_serial_rivers_micro_a, chequers_serial_rivers_small_3,
          chequers_serial_rivers_large_a, chequers_serial_rivers_micro_e,
          minmay_tree_intersection
D:9:      layout_loops_ring, tso_metal_star, enter_bailey_3,
          nicolae_stop_n_shop_1
D:10:     layout_basic, trog_butcher_becter, nicolae_trove_entry_free_sample
Temple:   minmay_temple_curvy_loop
Lair:1:   layout_concentric_octagons, beast_lair_carwin_9, uniq_nergalle

Skill      XL: |  1  2  3  4  5  6  7  8  9 10 11 12 |
---------------+-------------------------------------+-----
Stealth        | 3 4 5 6 8 9 10 | 10.5
Fighting       | 1 2 3 4 5 6 7 |  7.8
Dodging        | 3 4 5 6 7 8 |  8.9
Spellcasting   | 3 4 5 6 7 |  7.5
Conjurations   | 5 6 7 8 |  8.3
Armour         | 1 2 3 4 5 |  5.0
Invocations    | 1 2 4 5 6 |  6.9
Short Blades   | 1 4 |  4.8
Shields        | 2 3 |  3.1
Translocations | 1 2 |  2.3

Action                   |  1- 3 |  4- 6 |  7- 9 | 10-12 || total
-------------------------+-------+-------+-------+-------++-------
Melee: Short sword       |    19 |       |       |       ||    19
       Dagger            |     2 |    32 |     6 |    11 ||    51
       Quick blade       |       |       |       |   161 ||   161
 Cast: Magic Dart        |    39 |    15 |     8 |     7 ||    69
       Searing Ray       |     9 |    34 |    51 |    59 ||   153
Evoke: Wand              |       |       |     1 |       ||     1
  Use: Scroll            |       |     3 |    10 |    13 ||    26
       Potion            |       |       |     1 |       ||     1
 Stab: Sleeping          |     2 |     7 |     2 |    30 ||    41
Armor: Robe              |     2 |    12 |     9 |       ||    23
       Acid dragon scale |       |       |       |    72 ||    72
Dodge: Dodged            |    17 |    42 |    32 |   160 ||   251
Block: Buckler           |       |       |       |    50 ||    50

Table legend: (Time is in decaauts)
 A = Elapsed time spent in this place.
 B = Non-inter-level travel time spent in this place.
 C = Inter-level travel time spent in this place.
 D = Time resting spent in this place.
 E = Time spent auto-exploring this place.
 F = Levels seen in this place.
 G = Mean time per level.
                   A        B        C        D        E       F      G
               +--------+--------+--------+--------+--------+-----+--------+
         Total |  14436 |  14012 |    424 |   4319 |   7135 |  13 | 1110.5 |
       Dungeon |  12714 |  12409 |    305 |   3787 |   6630 |  10 | 1271.4 |
        Temple |    395 |    277 |    118 |      0 |    271 |   1 |  395.0 |
          Lair |    582 |    582 |      0 |    178 |    233 |   1 |  582.0 |
        Bailey |    743 |    743 |      0 |    354 |      0 |   1 |  743.0 |
               +--------+--------+--------+--------+--------+-----+--------+

Top non-repeatable levels by time:
     D:6: 1736 daAuts
     D:8: 1717 daAuts
     D:5: 1616 daAuts
    D:10: 1351 daAuts
     D:2: 1305 daAuts
     D:7: 1151 daAuts
     D:1: 1018 daAuts
     D:3: 952 daAuts
     D:9: 934 daAuts
     D:4: 929 daAuts
  Bailey: 743 daAuts
  Lair:1: 582 daAuts
  Temple: 395 daAuts
